 Dungeon Crawl Stone Soup version 0.18.1-48-g4cf74bf (webtiles) character file.

17028 simples the Covert (level 12, -8/55 HPs)
             Began as a Spriggan Enchanter on Aug 29, 2016.
             Was an Initiate of Gozag.
             Hit by a tomahawk thrown by an orc warrior (16 damage)
             ... on level 2 of the Orcish Mines.
             The game lasted 00:28:24 (13069 turns).

simples the Covert (Spriggan Enchanter)            Turns: 13069, Time: 00:28:25

Health: -8/55      AC:  4    Str:  7    XL:     12   Next: 15%
Magic:  0/27       EV: 28    Int: 17    God:    Gozag
Gold:   1392       SH:  0    Dex: 18    Spells: 3 memorised, 25 levels left

rFire  + . .     SeeInvis +     H - +2 dagger (distort)
rCold  . . .     Gourm    .     I - +2 robe {rF+}
rNeg   . . .     Faith    .     (shield restricted)
rPois  .         Spirit   +     (helmet restricted)
rElec  .         Dismiss  .     (no cloak)
rCorr  .         Reflect  .     (gloves unavailable)
SustAt .         Harm     .     (boots unavailable)
MR     ++...                    C - amulet of guardian spirit
Stlth  ++++++....               (no ring)
                                (no ring)

@: very quick, very resistant to hostile enchantments, very stealthy
A: unfitting armour, see invisible, herbivore 3, speed 3, frail 1, slow
metabolism 2
a: Potion Petition, Call Merchant, Bribe Branch, Renounce Religion


You were on level 2 of the Orcish Mines.
You worshipped Gozag.
Gozag was noncommittal.
You were hungry.

You visited 3 branches of the dungeon, and saw 14 of its levels.

You collected 2458 gold pieces.
You paid 1066 gold pieces to Gozag.

Inventory:

Hand Weapons
 a - a +1 dagger
 p - a +0 dagger of holy wrath
 u - a +1 short sword of protection
 H - a +2 dagger of distortion (weapon)
Armour
 l - a +0 buckler
 I - a +2 robe of fire resistance (worn)
Jewellery
 C - an amulet of guardian spirit (around neck)
Wands
 A - a wand of paralysis (4/24)
 J - a wand of paralysis (16/24)
Scrolls
 b - a scroll of vulnerability
 i - a scroll of recharging
 j - 4 scrolls of remove curse
 m - a scroll of immolation
 o - 4 scrolls of teleportation
 r - a scroll of enchant armour
 t - a scroll of amnesia
 w - a scroll of fear
 x - 2 scrolls of magic mapping
 B - 2 scrolls of torment
 F - a scroll of holy word
 L - a scroll of fog {unknown}
Potions
 e - a potion of agility {unknown}
 f - a potion of invisibility {unknown}
 g - 2 potions of lignification {unknown}
 h - a potion of berserk rage {unknown}
 n - 5 potions of curing {unknown}
 q - 2 potions of heal wounds {unknown}
 s - a potion of might {unknown}
 v - 2 potions of flight {unknown}
 D - a potion of brilliance {unknown}
 E - a potion of degeneration {unknown}
 G - a potion of haste {unknown}
 K - a potion of mutation {unknown}
Books
 c - a book of Maledictions

   Spells                             Type                      Level
   a - Corona                         Hexes                        1
   b - Ensorcelled Hibernation        Hexes/Ice                    2
   c - Confuse                        Hexes                        3
   d - Tukima's Dance                 Hexes                        3
   e - Dazzling Spray                 Conjuration/Hexes            3
 y - a book of Changes

   Spells                             Type                      Level
   a - Beastly Appendage              Transmutation                1
   b - Sticks to Snakes               Transmutation                2
   c - Spider Form                    Transmutation/Poison         3
   d - Ice Form                       Ice/Transmutation            4
   e - Blade Hands                    Transmutation                5
 M - a book of Death

   Spells                             Type                      Level
   a - Corpse Rot                     Necromancy                   2
   b - Sublimation of Blood           Necromancy                   2
   c - Agony                          Necromancy                   5
   d - Dispel Undead                  Necromancy                   5
   e - Excruciating Wounds            Charms/Necromancy            5
   f - Bolt of Draining               Conjuration/Necromancy       5
Comestibles
 d - 5 bread rations
 z - 14 fruits


   Skills:
 + Level 6.9 Fighting
 + Level 9.2 Short Blades
 + Level 11.7 Dodging
 + Level 13.0 Stealth
 + Level 10.1 Spellcasting
 + Level 10.5 Hexes


You had 25 spell levels left.
You knew the following spells:

 Your Spells              Type           Power        Failure   Level  Hunger
a - Corona                Hex            #####..      1%          1    None
b - Ensorcelled Hibernat  Hex/Ice        ####..       1%          2    None
c - Confuse               Hex            #####...     1%          3    None


Dungeon Overview and Level Annotations

Branches:
Dungeon (11/15)            Temple (1/1) D:4            Lair (0/8) D:11
    Orc (2/2) D:11            Elf (0/3) Orc:2

Altars:
Ashenzari
Cheibriados
Fedhas
Gozag
Kikubaaqudgha
Makhleb
Nemelex Xobeh
Okawaru
Pakellas
Ru
Sif Muna
Vehumet
Xom
Yredelemnul
Zin
The Shining One
Beogh

Shops:
D:5 (   D:7 [   D:9 [   D:11 [   Orc:2 [*(

Annotations:
D:4 Dowan, Duvessa
D:10 exclusion: door
Abyss:1 Harold


Innate Abilities, Weirdness & Mutations

You are tiny and cannot use many weapons and most armour.
You have supernaturally acute eyesight.
You are a herbivore.
You cover ground extremely quickly.
You need consume almost no food.
You are frail (-10% HP).


Message History

You strike the helpless orc sorcerer from behind!
You impale the orc sorcerer!!
You kill the orc sorcerer!
The orc warrior completely misses you. The orc warrior barely misses you.
You hit the orc warrior but do no damage.
The orc warrior blinks!
Casting: Confuse
Confirm with . or Enter, or press ? or * to list all spells.
Aiming: Confuse
Press: ? - help, Shift-Dir - straight line, f - orc warrior
Aim: an orc warrior, wielding a glaive and wearing a plate armour (chance to defeat MR: 69%)
The orc warrior struggles to resist.
The orc warrior hits you with a glaive!!
* * * LOW HITPOINT WARNING * * *
The orc warrior completely misses you.
You are feeling hungry.
The orc warrior completely misses you.
The orc warrior throws a tomahawk.
The tomahawk hits you!
You die...
Your body crumbles into a pile of gold.

..######.#...(..[..........## ##
.###.#####..................####.
..#....##.#.........)..###.#.##..
...#........((.)....).#.###...##.
......>....[.)......[.)..###.##..
##.##.##.(................#...<..
.#######....((.[$...#............
## ##..#..)((..).......)...### #
#......)(o@..............# #
##......)$[......#....##.## #
#...#..[..[..)..###...#### ##
##.##....#.......##....## .#
###.....#...#o..#....#.## ##
####.........(#...#.......## #
##.##...........#.....#.....#
#........#.#......)..#.....##
#################...#.#.#......#


You could see 2 orc warriors.

Vanquished Creatures
  Erica (D:11)
  An orc high priest (Orc:1)
  An unseen horror (shapeshifter) (D:10)
  A flayed ghost (D:10)
  3 hill giants
  2 orc knights (Orc:2)
  2 cyclopes
  A manticore (D:11)
  3 orc sorcerers
  Psyche (D:10)
  4 trolls
  A two-headed ogre (Orc:2)
  A wyvern (D:9)
  A wraith (D:11)
  3 wargs
  3 sky beasts
  10 orc warriors
  2 ice beasts
  2 wasps
  2 wolves (D:11)
  7 ogres
  5 phantoms
  5 centaurs
  4 giant frogs
  A gnoll sergeant (D:10)
  3 scorpions
  9 killer bees
  2 howler monkeys
  An electric eel (D:11)
  3 crimson imps
  A giant frog zombie (D:11)
  5 orc priests
  A jelly (D:5)
  10 hounds
  A centaur skeleton (D:4)
  3 gnoll shamans
  An iguana (D:7)
  10 orc wizards
  2 giant frog skeletons
  7 worker ants
  A hound zombie (D:6)
  2 hound skeletons (D:4)
  A worker ant zombie (D:10)
  11 gnolls
  4 adders
  2 shadow imps
  3 adder zombies (D:5)
  An adder skeleton (D:9)
  3 worms
  6 giant geckos
  41 orcs
  4 bats
  3 giant cockroaches
  4 goblins
  6 hobgoblins
  3 jackals (D:5)
  9 kobolds
  8 quokkas
  2 ball pythons
  7 giant newts
  A quokka skeleton (D:4)
  7 rats
255 creatures vanquished.

Vanquished Creatures (others)
  A great orb of eyes (D:10)
  An orc high priest (Orc:2)
  5 trolls
  A water moccasin (D:11)
  5 orc warriors
  An ice beast (D:11)
  2 orc priests (Orc:2)
  2 hounds (D:11)
  2 orc wizards
  A worker ant zombie (D:11)
  An adder (D:10)
  2 orcs
  A kobold (D:11)
  9 fungi (Orc:2)
34 creatures vanquished.

Grand Total: 289 creatures vanquished

Notes
Turn   | Place    | Note
--------------------------------------------------------------
     0 | D:1      | simples the Spriggan Enchanter began the quest for the Orb.
     0 | D:1      | Reached XP level 1. HP: 9/9 MP: 5/5
   306 | D:1      | Reached XP level 2. HP: 9/13 MP: 4/6
   713 | D:1      | Learned a level 2 spell: Ensorcelled Hibernation
   899 | D:2      | Reached XP level 3. HP: 17/17 MP: 8/8
  1177 | D:2      | Learned a level 3 spell: Confuse
  1296 | D:3      | Reached skill level 5 in Stealth
  1443 | D:3      | Found a faded altar to an unknown god.
  1479 | D:3      | Reached XP level 4. HP: 20/21 MP: 9/9
  1706 | D:4      | Reached skill level 1 in Fighting
  1872 | D:4      | Found a staircase to the Ecumenical Temple.
  1916 | D:4      | Reached XP level 5. HP: 21/25 MP: 1/10
  1947 | Temple   | Entered the Ecumenical Temple
  2044 | Temple   | Became a worshipper of Gozag Ym Sagoz the Greedy
  2311 | D:4      | Found a shattered altar of Ashenzari.
  2330 | D:4      | Reached skill level 5 in Hexes
  2342 | D:4      | Noticed Duvessa
  2345 | D:4      | Noticed Dowan
  2432 | D:5      | Entered Level 5 of the Dungeon
  2441 | D:5      | Noticed a sky beast
  2452 | D:5      | Killed a sky beast
  2452 | D:5      | Reached skill level 6 in Stealth
  2452 | D:5      | Reached XP level 6. HP: 24/30 MP: 1/12
  3316 | D:5      | Found Opaaloi's Antique Weapon Shop.
  3380 | D:5      | Reached skill level 5 in Dodging
  3380 | D:5      | Reached XP level 7. HP: 32/35 MP: 1/14
  3710 | D:6      | Reached skill level 7 in Stealth
  3913 | D:6      | Found a burning altar of Makhleb.
  4020 | D:6      | Found an iron altar of Okawaru.
  4154 | D:7      | Found an ancient bone altar of Kikubaaqudgha.
  4210 | D:7      | Found Vykicel's Antique Armour Shop.
  4297 | D:7      | Reached XP level 8. HP: 35/39 MP: 4/16
  4445 | D:8      | Reached skill level 5 in Spellcasting
  4473 | D:8      | Reached skill level 8 in Stealth
  4712 | D:9      | Found a roughly hewn altar of Beogh.
  5010 | D:9      | Found Hylehy's Antique Armour Emporium.
  5120 | D:9      | Reached skill level 5 in Short Blades
  5337 | D:10     | Entered Level 10 of the Dungeon
  5474 | D:10     | Noticed a spiny frog
  5475 | D:10     | Found a large runed door.
  5476 | D:10     | Found a large runed door.
  5488 | D:10     | Noticed a wind drake
  5488 | D:10     | a spiny frog changed into a wind drake
  5774 | D:9      | Reached XP level 9. HP: 37/45 MP: 4/19
  5826 | D:9      | Found a sacrificial altar of Ru.
  6010 | D:10     | Noticed a hill giant
  6033 | D:10     | Killed a hill giant
  6033 | D:10     | Reached skill level 9 in Stealth
  6519 | D:10     | Noticed Psyche
  6689 | D:10     | Noticed an unseen horror
  6689 | D:10     | a hippogriff changed into an unseen horror
  6713 | D:10     | Killed an unseen horror
  6713 | D:10     | Reached skill level 10 in Stealth
  6995 | D:10     | Reached XP level 10. HP: 51/51 MP: 8/21
  7092 | D:10     | Killed Psyche
  7278 | D:10     | Found a basalt altar of Yredelemnul.
  7278 | D:10     | Noticed a flayed ghost
  7282 | D:10     | Killed a flayed ghost
  7282 | D:10     | Reached skill level 5 in Fighting
  7291 | D:10     | Found a deep blue altar of Sif Muna.
  7291 | D:10     | Noticed a great orb of eyes
  7294 | D:10     | Banished a great orb of eyes
  7448 | D:11     | Found a staircase to the Lair.
  7449 | D:11     | Noticed a hill giant
  7527 | D:11     | Noticed a manticore
  7590 | D:11     | Noticed a hill giant
  7592 | D:11     | Reached skill level 11 in Stealth
  7802 | D:11     | Killed a hill giant
  7974 | D:11     | Noticed Erica
  7978 | D:11     | Killed Erica
  7978 | D:11     | Reached skill level 10 in Dodging
  8104 | D:11     | Noticed Harold
  8211 | D:11     | Found a staircase to the Orcish Mines.
  8239 | D:11     | Banished Harold
  8239 | D:11     | Reached XP level 11. HP: 48/56 MP: 11/24
  8250 | D:11     | Killed a hill giant
  8547 | D:11     | Found Tidd's Antique Armour Emporium.
  8747 | Orc:1    | Entered Level 1 of the Orcish Mines
  8747 | Orc:1    | Noticed an orc high priest
  8917 | D:11     | Reached skill level 12 in Stealth
  9049 | Orc:1    | Noticed a soul eater
  9501 | Orc:1    | Noticed a sun demon
 10017 | Orc:1    | Noticed an orc sorcerer
 10022 | Orc:1    | Killed an orc sorcerer
 10070 | Orc:2    | Entered Level 2 of the Orcish Mines
 10070 | Orc:2    | Found a staircase to the Elven Halls.
 10111 | Orc:2    | Noticed an orc warlord
 11199 | Orc:2    | Noticed an orc sorcerer
 11204 | Orc:2    | Noticed an orc knight
 11212 | Orc:2    | Noticed an orc sorcerer
 11213 | Orc:2    | Noticed an orc warlord
 11215 | Orc:2    | Noticed an orc knight
 11215 | Orc:2    | Noticed an orc sorcerer
 11369 | Orc:2    | Noticed an orc knight
 11373 | Orc:2    | Found Imuywk's Antique Armour Shop.
 11393 | Orc:2    | Killed an orc knight
 11393 | Orc:2    | Reached skill level 10 in Hexes
 11587 | Orc:2    | Killed an orc sorcerer
 11663 | Orc:2    | Noticed an orc high priest
 11665 | Orc:2    | Noticed a sun demon
 11719 | Orc:2    | Gained mutation: You are frail (-10% HP). [a neqoxec]
 11848 | Orc:2    | Noticed a soul eater
 11877 | Orc:1    | Killed an orc high priest
 12512 | Orc:2    | Reached XP level 12. HP: 36/55 MP: 9/26
 12522 | Orc:2    | Reached skill level 10 in Spellcasting
 12619 | Orc:2    | Found a roughly hewn altar of Beogh.
 12687 | Orc:2    | Noticed an orc high priest
 12929 | Orc:2    | Banished an orc high priest
 12963 | Orc:2    | Found Jajoasy's Antique Weapon Shop.
 12970 | Orc:2    | Found Wokhak's General Store.
 13047 | Orc:2    | Reached skill level 13 in Stealth
 13069 | Orc:2    | Hit by a tomahawk thrown by an orc warrior

Skill      XL: |  1  2  3  4  5  6  7  8  9 10 11 12 |
---------------+-------------------------------------+-----
Hexes          | 4 5 6 7 9 10 | 10.5
Spellcasting   | 3 4 6 7 8 9 10 | 10.1
Stealth        | 5 6 7 8 10 11 12 13 | 13.0
Fighting       | 1 2 3 4 5 6 |  6.9
Short Blades   | 2 3 4 5 6 7 9 |  9.2
Dodging        | 4 5 6 7 8 10 11 | 11.7

Action                   |  1- 3 |  4- 6 |  7- 9 | 10-12 || total
-------------------------+-------+-------+-------+-------++-------
Melee: Dagger            |   103 |   106 |     4 |   690 ||   903
       Short sword       |       |    74 |   400 |    13 ||   487
 Cast: Corona            |     8 |       |       |       ||     8
       Ensorcelled Hiber |     8 |     8 |     7 |     1 ||    24
       Confuse           |       |    26 |    69 |    96 ||   191
Invok: Potion Petition   |       |       |     1 |     2 ||     3
  Use: Scroll            |       |       |       |    11 ||    11
 Stab: Sleeping          |    26 |    16 |    26 |     4 ||    72
       Confused          |       |    10 |    37 |    38 ||    85
       Distracted        |       |       |     1 |     6 ||     7
  Eat: Fruit             |       |     3 |     2 |     9 ||    14
       Bread ration      |       |       |     1 |       ||     1
Armor: Robe              |     6 |    23 |    45 |    26 ||   100
Dodge: Dodged            |    92 |   143 |   403 |   527 ||  1165
